 Dungeon Crawl Stone Soup version 0.26-a0-393-g67388ea477 (webtiles) character file.

Game seed: 8495865708569350659

35 KristoblXynda the Sneak (level 3, -2/19 HPs)
             Began as a Spriggan Delver on July 22, 2020.
             Slain by a worker ant (7 damage)
             ... on level 5 of the Dungeon.
             The game lasted 00:01:48 (562 turns).

KristoblXynda the Sneak (Spriggan Delver)            Turns: 562, Time: 00:01:49

Health: -2/19      AC:  2    Str:  8    XL:     3   Next: 17%
Magic:  4/4        EV: 19    Int: 12    God:
Gold:   28         SH:  0    Dex: 17    Spells: 2/2 levels left

rFire    . . .     SeeInvis +   a - +0 short sword
rCold    . . .     Faith    .   (shield restricted)
rNeg     . . .     Spirit   .   b - +0 robe
rPois    .         Reflect  .   (helmet restricted)
rElec    .         Harm     .   (no cloak)
rCorr    .                      (gloves unavailable)
MR       .....                  (boots unavailable)
Stlth    ++++......             (no amulet)
HPRegen  0.06/turn              (no ring)
MPRegen  0.09/turn              (no ring)

@: very quick
A: very small, unfitting armour, see invisible, speed 3
a: no special abilities


You were on level 5 of the Dungeon.
You visited 1 branch of the dungeon, and saw 1 of its levels.

You collected 28 gold pieces.

Inventory:

Hand Weapons
 a - a +0 short sword (weapon)
Armour
 b - a +0 robe (worn)
Wands
 g - a wand of digging (3)
Scrolls
 c - a scroll of fog
 d - a scroll of magic mapping
 e - a scroll of fear
 h - a scroll of identify {unknown}
 i - a scroll of random uselessness {unknown}
 j - a scroll of enchant weapon {unknown}
Potions
 f - a potion of haste


   Skills:
 - Level 2.4 Fighting
 + Level 2.7 Short Blades
 + Level 3.7 Dodging
 + Level 7.6 Stealth
 + Level 1.7 Evocations


You had 2 spell levels left.
You didn't know any spells.
Your spell library was empty.

Dungeon Overview and Level Annotations

Branches:
Dungeon (5/15)
 Temple: D:4-7

Altars:


Innate Abilities, Weirdness & Mutations

You are very small and have problems with some larger weapons.
You are too small for most types of armour.
You have supernaturally acute eyesight. (SInv)
You cover ground extremely quickly.


Message History

You hit the worker ant but do no damage.
The worker ant is heavily wounded.
The worker ant closely misses you.
You barely miss the worker ant.
The worker ant is heavily wounded.
The worker ant bites you.
* * * LOW HITPOINT WARNING * * *
You hit the worker ant but do no damage.
The worker ant is heavily wounded.
The worker ant misses you.
You barely miss the worker ant.
The worker ant is heavily wounded.
The worker ant closely misses you.
You hit the worker ant.
The worker ant is heavily wounded.
The worker ant completely misses you.
You closely miss the worker ant.
The worker ant is heavily wounded.
The worker ant bites you!
You die...

.......#####..# #.#.
..............###...
................#..
..............#.#..
............<.#†#.#
................#.#####
.......####'##..#......
#+#....#.##..[....##
#.#@##..............
######.#a####.#..........
#......#.#....#.#...#....
##'####...#.#....#...#....
#...# #.###.#.####........
#...# #.# #......#####....
#...# #.# ###.####P8P#....
#...# #.# #.#<##...##'##
#...# #.# #.#.###'##..##


You could see a worker ant.

Vanquished Creatures
  The ghost of iamserjio the Chiller, a weakling DEIE (D:5)
  2 jackals (D:5)
  A leopard gecko skeleton (D:5)
4 creatures vanquished.

Notes
Turn   | Place    | Note
-------+----------+-------------------------------------------
     0 | D:5      | KristoblXynda the Spriggan Delver began the quest for the
                  | Orb.
     0 | D:5      | Reached XP level 1. HP: 11/11 MP: 2/2
     0 | D:5      | Noticed iamserjio's ghost (weakling DEIE)
    45 | D:5      | Noticed an ogre
   181 | D:5      | Found a runed translucent door.
   186 | D:5      | Killed iamserjio's ghost
   186 | D:5      | Reached skill level 1 in Evocations
   186 | D:5      | Reached XP level 2. HP: 16/16 MP: 3/3
   186 | D:5      | Reached XP level 3. HP: 19/19 MP: 4/4
   235 | D:5      | Noticed a centaur
   562 | D:5      | Slain by a worker ant

Illustrated notes

Levels and vault maps discovered:
D:5:      layout_basic, kennysheep_mini, tgw_trog, gammafunk_ghost_grave,
          uniq_blork_the_orc

Skill      XL: |  1 |
---------------+----+-----
Evocations     | 1 |  1.7
Fighting       | |  2.4
Short Blades   | |  2.7
Dodging        | |  3.7
Stealth        | |  7.6

Action                   || total
-------------------------++-------
Melee: Short sword       ||    26
 Stab: Sleeping          ||     3
Armor: Robe              ||     1
Dodge: Dodged            ||    17

Table legend: (Time is in decaauts)
 A = Elapsed time spent in this place.
 B = Non-inter-level travel time spent in this place.
 C = Inter-level travel time spent in this place.
 D = Time resting spent in this place.
 E = Time spent auto-exploring this place.
 F = Levels seen in this place.
 G = Mean time per level.
                   A        B        C        D        E       F      G
               +--------+--------+--------+--------+--------+-----+--------+
         Total |    452 |    452 |      0 |    251 |     61 |   1 |  452.0 |
       Dungeon |    452 |    452 |      0 |    251 |     61 |   1 |  452.0 |
               +--------+--------+--------+--------+--------+-----+--------+

Top non-repeatable levels by time:
     D:5: 452 daAuts
